 Dungeon Crawl Stone Soup version 0.31-a0-1388-g4b2ba238e7 (webtiles) character file.

Game seed: 18347089793573904208

90 MisterAzrael the Ruffian (level 4, -2/28 HPs)
             Began as an Octopode Shapeshifter on Dec 24, 2023.
             Slain by a gnoll
             ... wielding a +1 flail of draining
              (3 damage)
             ... on level 2 of the Dungeon.
             The game lasted 00:01:29 (1380 turns).

MisterAzrael the Ruffian (Octopode Shapeshifter)    Turns: 1380, Time: 00:01:29

Health: -2/28      AC:  1    Str: 15    XL:     4   Next: 56%
Magic:  4/4        EV: 13    Int: 12    God:
Gold:   95         SH:  0    Dex: 11    Spells: 3/3 levels left

rFire   . .          .
                       - Unarmed
rCold   . . .        (no shield)
rNeg    . . .        (helmet currently unavailable)
rPois   .            (no amulet)
rElec   .            g - ring of wizardry
rCorr   .            (no ring)
SInv    .            (no ring)
Will    .....        (no ring)
Stlth   ++           (no ring)
HPRegen 0.24/turn    (no ring)
MPRegen 0.09/turn    (no ring)
                     (no ring)

%: wizardry (x1)
@: beast-form
A: beast (slay +2), almost no armour, amphibious, 8 rings, camouflage 1,
gelatinous body 1, (nimble swimmer 1), tentacles
a: Begin Untransformation


You were on level 2 of the Dungeon.
You were a hulking beast.
You visited 1 branch of the dungeon, and saw 2 of its levels.

You collected 95 gold pieces.

Inventory:

Missiles
 l - 2 poisoned darts
Jewellery
 g - a ring of wizardry (left tentacle)
Talismans
 b - a beast talisman
 c - a flux talisman
Scrolls
 d - 3 scrolls of identify {unknown}
 e - a scroll of revelation {unknown}
 h - a scroll of amnesia {unknown}
 k - a scroll of vulnerability {unknown}
Potions
 a - 2 potions of lignification
 f - a potion of enlightenment {unknown}
 i - a potion of haste {unknown}
 j - a potion of might {unknown}
 m - a potion of attraction {unknown}


   Skills:
 - Level 1.0 Fighting
 - Level 2.0 Dodging
 + Level 4.2 Unarmed Combat
 + Level 4.0 Shapeshifting


You had 3 spell levels left.
You didn't know any spells.
Your spell library was empty.

Dungeon Overview and Level Annotations

Branches:
Dungeon (2/15)

Altars:


Innate Abilities, Weirdness & Mutations

You are a hulking beast.
Your limbs bulge with bestial killing power. (Slay +2)
You cannot wear most types of armour.
You are amphibious.
You can wear up to eight rings at the same time.
Your skin changes colour to match your surroundings (Stealth+).
Your rubbery body absorbs attacks. (AC +1, EV +1)
((You are camouflaged when in or above water. (Stealth+)))
You have tentacles for arms and can constrict up to eight enemies at once.


Message History

The kobold misses you.
You tentacle-slap the gnoll. You grab the gnoll.
The gnoll is lightly wounded.
You constrict the gnoll, but do no damage.
The kobold hits you with a +0 dagger. The gnoll hits you with a +0 whip.
There are monsters nearby!
You tentacle-slap the gnoll but do no damage.
You constrict the gnoll. The gnoll barely misses you.
The kobold hits you but does no damage.
There are monsters nearby!
You tentacle-slap the gnoll.
The gnoll is lightly wounded.
You constrict the gnoll.
The gnoll escapes!
The kobold hits you with a +0 dagger.
The kobold hits you with a +0 short sword.
You are too injured to fight recklessly!
You are too injured to fight recklessly!
There are monsters nearby!
You are too injured to fight recklessly!
There are monsters nearby!
You are too injured to fight recklessly!
There are monsters nearby!
You are too injured to fight recklessly!
You tentacle-slap the kobold.
You kill the kobold!
The gnoll completely misses you. The gnoll hits you with a +0 whip!
* * * LOW HITPOINT WARNING * * *
The kobold hits you but does no damage. The gnoll barely misses you.
Things that are here:
a +0 dagger; a stone The gnoll attacks as it pursues you!
The gnoll closely misses you. The gnoll attacks as it pursues you!
The gnoll hits you with a +0 whip!
* * * LOW HITPOINT WARNING * * *
You tentacle-slap the gnoll but do no damage.
You grab the gnoll. You squeeze the gnoll.
The gnoll is lightly wounded.
You constrict the gnoll, but do no damage.
The gnoll hits you with a +1 flail of draining.
You die...

..##.####.#..####.........####...
..........#.....'.........'......
..##.#.#######.##......>..##.....
.###.#....#....###.......###.....
.# #.####.#.#### ##.....## #.....
.. ..# #.#.# ##...## #.....
.##### #...#########+## #..... .#
##.#.).g..# #..... .# #)..K.gh.#
#..... .# #...)###..# ####.#
#......#..# #....#.#..#
###..#..... #..# #..## #... ...#
#.## #.##


You could see 2 gnolls and a kobold.

Vanquished Creatures
  An adder (D:2)
  3 gnolls
  2 worms (D:2)
  3 dart slugs
  5 bats
  4 endoplasms (D:1)
  4 goblins
  5 hobgoblins
  3 kobolds
  3 quokkas
  2 ball pythons (D:1)
  4 frilled lizards
  4 rats
43 creatures vanquished.

Notes
Turn   | Place    | Note
-------+----------+-------------------------------------------
     0 | D:1      | MisterAzrael the Octopode Shapeshifter began the quest for
                  | the Orb.
     0 | D:1      | Reached XP level 1. HP: 13/13 MP: 1/1
   100 | D:1      | Reached XP level 2. HP: 18/18 MP: 2/2
   264 | D:1      | Reached XP level 3. HP: 23/23 MP: 3/3
  1181 | D:2      | Reached XP level 4. HP: 27/28 MP: 4/4
  1379 | D:2      | HP: 1/28 [gnoll/+0 whip (7)]
  1380 | D:2      | Slain by a gnoll

Illustrated notes

Levels and vault maps discovered:
D:1:      minmay_arrival_doors, layout_basic
D:2:      layout_loops_corners

Skill      XL: |  1  2  3  4 |
---------------+-------------+-----
Unarmed Combat | 4 |  4.2
Shapeshifting  | 4 |  4.0
Fighting       | |  1.0
Dodging        | |  2.0

Action                     |  1- 3 |  4- 6 || total
---------------------------+-------+-------++-------
  Melee: Unarmed           |    60 |    15 ||    75
         Constrict         |    22 |     5 ||    27
         Tentacles         |    17 |     3 ||    20
   Stab: Sleeping          |     4 |     1 ||     5
 Armour: Skin              |    28 |    13 ||    41
  Dodge: Dodged            |    32 |    13 ||    45

Table legend: (Time is in decaauts)
 A = Elapsed time spent in this place.
 B = Non-inter-level travel time spent in this place.
 C = Inter-level travel time spent in this place.
 D = Time resting spent in this place.
 E = Time spent auto-exploring this place.
 F = Levels seen in this place.
 G = Mean time per level.
                   A        B        C        D        E       F      G
               +--------+--------+--------+--------+--------+-----+--------+
         Total |   1374 |   1353 |     21 |      0 |   1113 |   2 |  687.0 |
       Dungeon |   1374 |   1353 |     21 |      0 |   1113 |   2 |  687.0 |
               +--------+--------+--------+--------+--------+-----+--------+

Top non-repeatable levels by time:
     D:1: 760 daAuts
     D:2: 614 daAuts
